 Dungeon Sprint DCSS version 0.20.1-1-g8b1a95d (webtiles) character file.

2123 Danqa the Basher (level 9, -9/132 (133) HPs)
             Began as a Minotaur Fighter on Oct 3, 2017.
             Was an Initiate of Trog.
             Killed from afar by a death drake (17 damage)
             ... with a foul vapour
             ... in the Dungeon (Sprint II: "The Violet Keep of Menkaure").
             The game lasted 00:09:31 (1456 turns).

Danqa the Basher (Minotaur Fighter)                 Turns: 1456, Time: 00:09:35

HP:   -9/132 (133)  AC:  9    Str: 27    XL:     9   Next: 8%
MP:   8/8           EV: 12    Int:  5    God:    Trog [......]
Gold: 430           SH: 13    Dex: 13    Spells: 8/8 levels left

rFire    . . .     SeeInvis +   e - +7 morningstar "Zeh Juet" {flame, rC+ Dex+3 SInv}
rCold    + . .     Gourm    .   c - +0 shield
rNeg     . . .     Faith    .   b - +0 scale mail
rPois    .         Spirit   .   (helmet restricted)
rElec    .         Reflect  .   (no cloak)
rCorr    .         Harm     .   (no gloves)
MR       .....     NoTele   +   (no boots)
Stlth    ..........             (no amulet)
Regen    0.0/turn               (no ring)
MPRegen  0.2/turn               (no ring)

@: mighty, berserking, lethally poisoned (-9 -> -106), non-regenerating,
diseased, slowed, very slow
A: retaliatory headbutt, horns 2, weak 1
a: Burn Spellbooks, Renounce Religion


You were in the Dungeon.
You worshipped Trog.
Trog was noncommittal.
You were not hungry.

You visited 1 branch You collected 1053 gold pieces.
You spent 623 gold pieces at shops.

Inventory:

Hand Weapons
 a - a +0 flail
 e - the +7 morningstar "Zeh Juet" (weapon) {flame, rC+ Dex+3 SInv}
   (You bought it in a shop in the Dungeon)

   It has been specially enchanted to burn those struck by it, causing extra
   injury to most foes and up to half again as much damage against particularly
   susceptible opponents.
   It affects your dexterity (+3).
   It protects you from cold.
   It lets you see invisible.
Armour
 b - a +0 scale mail (worn)
 c - a +0 shield (worn)
Scrolls
 k - a scroll of blinking
 l - a scroll of brand weapon
 m - a scroll of enchant weapon
Potions
 g - a potion of heal wounds
 h - a potion of haste
 i - 2 potions of magic


   Skills:
 + Level 11.4 Fighting
 + Level 13.0 Maces & Flails
 + Level 12.1 Armour
 + Level 4.6 Dodging
 + Level 0.1 Stealth
 + Level 12.4 Shields


You had 8 spell levels left.
You didn't know any spells.

Dungeon Overview and Level Annotations

Branches:
Dungeon (1/1)

Altars:
Cheibriados
Dithmenos
Elyvilon
Fedhas
Gozag
Hepliaklqana
Kikubaaqudgha
Makhleb
Nemelex Xobeh
Okawaru
Qazlal
Ru
Sif Muna
Trog
Uskayaw
Vehumet
Xom
Yredelemnul
Zin
The Shining One
Beogh
Jiyva
Lugonu

Shops:
D :%![?:?%}:!(=[?=

Annotations:
D exclusion: oklob plant, Roxanne


Innate Abilities, Weirdness & Mutations

You reflexively headbutt those who attack you in melee.
You have a pair of horns on your head.
You are weak. (Str -2)


Message History

* * * LOW HITPOINT WARNING * * *
You feel extremely sick. You block the death drake's attack. x2
Your unstable footing causes you to fumble your attack.
* * * LOW HITPOINT WARNING * * *
You feel very sick. You block the death drake's attack.
You bludgeon the death drake!! You burn the death drake!
The death drake is almost dead.
* * * LOW HITPOINT WARNING * * *
You feel very sick. The death drake barely misses you. You furiously retaliate!
You headbutt the death drake!
Your unstable footing causes you to fumble your attack.
* * * LOW HITPOINT WARNING * * *
You feel very sick. The death drake breathes miasma at you.
The foul vapour engulfs you!
You are more poisoned.
You die...

#..# #. 8 ##.#### +.##k
)▓?$%$($) .#....#
...####▓%(?)?$$ ####..##
#..##.#▓!!???(% ##.##.§#
+..#..#▓)[%%($) #..##§§#
#..#..#▓$$$%(([
'.##'..####..##÷#▓[)!?![!
#.#.#....###...##▓▓▓▓▓▓▓+
##.##......≈≈)≈k@≈≈≈≈≈≈≈§
####≈≈.....≈#'########+###
.#≈≈≈≈≈≈≈..≈#.(._._._#t§≈#
##≈≈≈§≈≈≈≈.≈#_._._._.#t§§≈
#≈≈≈§≈§§≈§§≈#._._._._#§§§≈
≈≈≈≈≈≈§§≈§≈§#.._._._.#≈≈≈
++#≈≈≈≈§≈§§≈#._._._..#≈≈§§
; ##§≈≈###§≈#_._._...#§§§≈
§§≈##§≈ #≈§#._._....#≈§≈§


You could see a death drake and 2 crocodiles.

Vanquished Creatures
  A yaktaur (D)
  3 polar bears (D)
  A hornet (D)
  A tyrant leech (D)
  4 neqoxecs (D)
  4 necrophages (D)
  A crocodile (D)
  4 worker ants (D)
19 creatures vanquished.

Vanquished Creatures (others)
  Menkaure (D)
  A crocodile (D)
2 creatures vanquished.

Grand Total: 21 creatures vanquished

Notes
Turn   | Place    | Note
-------+----------+-------------------------------------------
     0 | D        | Danqa the Minotaur Fighter began the quest for the Orb.
     0 | D        | Reached XP level 1. HP: 19/19 MP: 0/0
     1 | D        | Noticed a worker ant
     1 | D        | Noticed a worker ant
     1 | D        | Noticed a worker ant
     1 | D        | Noticed a worker ant
     7 | D        | Killed a worker ant
     7 | D        | Reached skill level 5 in Fighting
     7 | D        | Reached skill level 3 in Maces & Flails
     7 | D        | Reached skill level 5 in Armour
     7 | D        | Reached skill level 5 in Shields
     7 | D        | Reached XP level 2. HP: 22/29 MP: 1/1
    15 | D        | Reached XP level 3. HP: 5/36 MP: 2/2
    19 | D        | Reached XP level 4. HP: 19/44 MP: 3/3
    22 | D        | Killed a crocodile
    74 | D        | Killed Menkaure
   381 | D        | Noticed a tyrant leech
   381 | D        | Noticed a tyrant leech
   384 | D        | Noticed a necrophage
   384 | D        | Noticed a necrophage
   384 | D        | Noticed a necrophage
   384 | D        | Noticed a necrophage
   391 | D        | Killed a necrophage
   391 | D        | Reached skill level 5 in Maces & Flails
   391 | D        | Reached XP level 5. HP: 52/52 MP: 4/4
   394 | D        | Killed a necrophage
   398 | D        | Killed a necrophage
   398 | D        | Reached skill level 6 in Maces & Flails
   398 | D        | Reached XP level 6. HP: 60/62 MP: 5/5
   401 | D        | Reached skill level 7 in Maces & Flails
   401 | D        | Reached skill level 10 in Armour
   403 | D        | Noticed a neqoxec
   403 | D        | Noticed a neqoxec
   403 | D        | Noticed a neqoxec
   403 | D        | Noticed a neqoxec
   413 | D        | Lost intelligence.
   416 | D        | Killed a neqoxec
   416 | D        | Reached skill level 8 in Maces & Flails
   416 | D        | Reached skill level 10 in Shields
   416 | D        | Reached XP level 7. HP: 50/70 MP: 6/6
   418 | D        | Gained mutation: You are weak. (Str -2) [a neqoxec]
   421 | D        | Killed a neqoxec
   421 | D        | Reached skill level 9 in Maces & Flails
   429 | D        | Killed a neqoxec
   429 | D        | Reached skill level 10 in Fighting
   429 | D        | Reached skill level 1 in Dodging
   439 | D        | Killed a neqoxec
   439 | D        | Reached skill level 10 in Maces & Flails
   650 | D        | Found a glowing golden altar of the Shining One.
   651 | D        | Found a shimmering altar of Xom.
   651 | D        | Found a sacrificial altar of Ru.
   704 | D        | Found Liorch's Jewellery Shop.
   705 | D        | Found Koured's Magic Scroll Boutique.
   706 | D        | Found Veaclu Qito's Jewellery Boutique.
   706 | D        | Found Atolier's Antique Weapon Shop.
   707 | D        | Found Puhigun's Book Shop.
   707 | D        | Found Kehon's Gadget Boutique.
   708 | D        | Found Qarukodd's Book Boutique.
   708 | D        | Found Lurof's Magic Scroll Shop.
   708 | D        | Found Asisaa's Food Shop.
   709 | D        | Found Wathaig's Distillery.
   709 | D        | Found Fisugem's Food Boutique.
   709 | D        | Found Ede Covosm's Distillery.
   709 | D        | Found Lynug's Antique Armour Boutique.
   710 | D        | Found Liebb's Antique Armour Shop.
   710 | D        | Found Buc Kei's Magic Scroll Boutique.
   718 | D        | Noticed a death yak
   719 | D        | Noticed a redback
   719 | D        | Noticed an oklob plant
   720 | D        | Found Moal's Book Shoppe.
   721 | D        | Noticed a redback
   737 | D        | Noticed a fire dragon
   746 | D        | Bought a fine morningstar for 216 gold pieces
   750 | D        | Bought a scroll of brand weapon for 200 gold pieces
   757 | D        | Bought a scroll of enchant weapon for 97 gold pieces
   758 | D        | Bought a potion of heal wounds for 55 gold pieces
   758 | D        | Bought a potion of heal wounds for 55 gold pieces
   768 | D        | Identified the +7 morningstar "Zeh Juet" {flame, rC+ Dex+3 SInv} (You bought it in a shop in the Dungeon)
   985 | D        | Noticed Roxanne
   998 | D        | Found a stormy altar of Qazlal.
  1000 | D        | Killed a tyrant leech
  1000 | D        | Reached XP level 8. HP: 80/80 MP: 7/7
  1001 | D        | Found a basalt altar of Yredelemnul.
  1001 | D        | Found a deep blue altar of Sif Muna.
  1001 | D        | Found a viscous altar of Jiyva.
  1001 | D        | Found a hazy altar of Hepliaklqana.
  1002 | D        | Found a glowing silver altar of Zin.
  1002 | D        | Found a bloodstained altar of Trog.
  1002 | D        | Found an ancient bone altar of Kikubaaqudgha.
  1002 | D        | Found a snail-covered altar of Cheibriados.
  1002 | D        | Found a roughly hewn altar of Beogh.
  1003 | D        | Found a hide-covered altar of Uskayaw.
  1003 | D        | Found a corrupted altar of Lugonu.
  1003 | D        | Found a shadowy altar of Dithmenos.
  1004 | D        | Found a radiant altar of Vehumet.
  1004 | D        | Found a burning altar of Makhleb.
  1004 | D        | Found a white marble altar of Elyvilon.
  1005 | D        | Found a sparkling altar of Nemelex Xobeh.
  1005 | D        | Found a blossoming altar of Fedhas.
  1008 | D        | Found an iron altar of Okawaru.
  1008 | D        | Found an opulent altar of Gozag.
  1009 | D        | Noticed a polar bear
  1010 | D        | Noticed a polar bear
  1016 | D        | Noticed a hornet
  1020 | D        | Killed a polar bear
  1020 | D        | Reached skill level 11 in Maces & Flails
  1025 | D        | Killed a hornet
  1031 | D        | Killed a polar bear
  1031 | D        | Reached skill level 12 in Maces & Flails
  1032 | D        | Noticed a polar bear
  1036 | D        | Killed a polar bear
  1043 | D        | Noticed a flying skull
  1049 | D        | Noticed a flying skull
  1050 | D        | Noticed a flying skull
  1053 | D        | Became a worshipper of Trog the Wrathful
  1111 | D        | Noticed a yaktaur
  1116 | D        | Killed a yaktaur
  1116 | D        | Reached skill level 13 in Maces & Flails
  1116 | D        | Reached XP level 9. HP: 16/89 MP: 8/8
  1437 | D        | Noticed a death drake
  1438 | D        | Noticed a crystal guardian
  1456 | D        | Killed from afar by a death drake

Skill      XL: |  1  2  3  4  5  6  7  8 |
---------------+-------------------------+-----
Fighting       | 5 6 7 8 9 10 11 | 11.4
Maces & Flails | 3 5 6 8 10 13 | 13.0
Armour         | 5 6 8 9 10 11 12 | 12.1
Shields        | 5 6 8 9 10 11 12 | 12.4
Dodging        | 1 4 |  4.6
Stealth        | |  0.1

Action                   |  1- 3 |  4- 6 |  7- 9 || total
-------------------------+-------+-------+-------++-------
Melee: Flail             |    15 |    34 |    33 ||    82
       Headbutt          |     3 |     4 |    16 ||    23
       Morningstar       |       |       |    39 ||    39
  Use: Potion            |     1 |       |     4 ||     5
  Eat: Bread ration      |       |       |     1 ||     1
Armor: Scale mail        |     7 |    15 |    20 ||    42
Dodge: Dodged            |     4 |     5 |    29 ||    38
Block: Shield            |     7 |    10 |    57 ||    74
